 Dungeon Crawl Stone Soup version 0.30-a0-782-ge64f9170bb (webtiles) character file.

Game seed: 10582652583745734933

36646 sanka the Marksdemigod (level 13, -3/107 HPs)
             Began as a Demigod Hunter on Feb 23, 2023.
             Slain by a skeletal warrior
             ... wielding a +0 glaive
              (19 damage)
             ... on level 15 of the Dungeon.
             The game lasted 00:34:11 (13768 turns).

sanka the Marksdemigod (Demigod Hunter)            Turns: 13768, Time: 00:34:11

Health: -3/107     AC: 21    Str: 12    XL:     13   Next: 22%
Magic:  0/16       EV: 22    Int: 11    God:
Gold:   567        SH:  0    Dex: 39    Spells: 9/12 levels left

rFire   . . .      SeeInvis .    a - +3 longbow (heavy)
rCold   . . .      Faith    .    (shield currently unavailable)
rNeg    . . .      Spirit   +    y - +0 acid dragon scales
rPois   .          Reflect  .    x - +2 helmet
rElec   .          Harm     .    v - +2 cloak
rCorr   +          Rampage  ∞    q - +2 pair of gloves
Will    ++...                    e - +3 pair of seven-league boots {Rampage+∞}
Stlth   +++                      o - amulet of guardian spirit
HPRegen 0.37/turn                Q - +6 ring of dexterity
MPRegen 0.15/turn                G - ring of willpower

@: no status effects
A: high MP 1, forlorn, divine attributes
a: no special abilities


You were on level 15 of the Dungeon.
You visited 1 branch of the dungeon, and saw 15 of its levels.
You also visited: Gauntlet.

You collected 952 gold pieces.
You spent 385 gold pieces at shops.


Innate Abilities, Weirdness & Mutations

You have an increased reservoir of magic. (+10% MP)
You shall have no god before yourself.
Your divine heritage dramatically boosts your attributes as you level up.


   Skills:
 - Level 8.0 Fighting
 + Level 18.1 Ranged Weapons
 - Level 5.0 Armour
 - Level 8.0 Dodging
 - Level 0.8 Stealth


You had 9 spell levels left.
You knew the following spells:

 Your Spells              Type           Power      Damage    Failure   Level
z - Portal Projectile     Hex/Tloc       0%         N/A       83%         3

Your spell library contained the following spells:

 Spells                   Type           Power      Damage    Failure   Level
 Foxfire                  Conj/Fire      0%         2x1d4     45%         1
 Freeze                   Ice            0%         1d3       45%         1
 Cigotuvi's Dreadful Rot  Necr/Pois/Air  0%         N/A       61%         2
 Poisonous Vapours        Pois/Air       0%         N/A       61%         2
 Call Canine Familiar     Summ           0%         N/A       83%         3
 Dazzling Flash           Conj/Hex       0%         N/A       83%         3
 Frozen Ramparts          Ice            0%         1d1       83%         3
 Hailstorm                Conj/Ice       0%         3d3       83%         3
 Mephitic Cloud           Conj/Pois/Air  0%         N/A       83%         3
 Summon Guardian Golem    Hex/Summ       0%         N/A       83%         3
 Tukima's Dance           Hex            0%         N/A       83%         3
 Anguish                  Hex/Necr       0%         N/A       99%         4
 Ice Form                 Ice/Tmut       0%         N/A       99%         4
 Iskenderun's Mystic Bla  Conj/Tloc      0%         2d3       99%         4
 Leda's Liquefaction      Hex/Erth       0%         N/A       99%         4
 Petrify                  Tmut/Erth      0%         N/A       99%         4
 Summon Ice Beast         Ice/Summ       0%         N/A       99%         4
 Blade Hands              Tmut           0%         N/A       100%        5
 Fireball                 Conj/Fire      0%         3d3       100%        5
 Freezing Cloud           Conj/Ice/Air   0%         6-21      100%        5
 Irradiate                Conj/Tmut      0%         3d11      100%        5
 Lightning Bolt           Conj/Air       0%         1d11      100%        5
 Metabolic Englaciation   Hex/Ice        0%         N/A       100%        5
 Simulacrum               Ice/Necr       0%         N/A       100%        6
 Starburst                Conj/Fire      0%         6d3       100%        6
 Statue Form              Tmut/Erth      0%         N/A       100%        6
 Dragon Form              Tmut           0%         N/A       100%        7
 Enfeeble                 Hex            0%         N/A       100%        7
 Summon Horrible Things   Summ           0%         N/A       100%        8
 Polar Vortex             Ice            0%         N/A       100%        9

Inventory:

Hand Weapons
 a - a +3 heavy longbow (weapon)
Missiles
 O - 5 curare-tipped darts {=f}
Armour
 e - the +3 pair of seven-league boots (worn) {Rampage+∞} Rampage+∞: When moving toward enemies, its wearer moves as far as possible.
 q - a +2 pair of gloves (worn)
 u - a +1 pair of gloves
 v - a +2 cloak (worn)
 x - a +2 helmet (worn)
 y - +0 acid dragon scales (worn)
Jewellery
 c - an amulet of reflection
 k - an amulet of regeneration
 o - an amulet of guardian spirit (around neck)
 G - a ring of willpower (right hand)
 M - the ring "Qywemit" {rF+ rN+}

   [ring of positive energy]

   rF:        It protects you from fire.
   rN:        It protects you from negative energy.
 P - a ring of flight
 Q - a +6 ring of dexterity (left hand)
 T - the ring "Zibargh" {rElec rC+ rN+ Stlth+}

   [ring of positive energy]

   rC:        It protects you from cold.
   rElec:     It insulates you from electricity.
   rN:        It protects you from negative energy.
   Stlth:     It makes you more stealthy.
Wands
 w - a wand of charming (33)
 z - a wand of digging (8)
 J - a wand of roots (11)
 L - a wand of mindburst (18)
 N - a wand of quicksilver (4)
Scrolls
 b - 3 scrolls of immolation {!r}
 d - 4 scrolls of brand weapon
 g - 7 scrolls of teleportation {@r4}
 h - a scroll of vulnerability {!r}
 i - 3 scrolls of butterflies
 m - 3 scrolls of fog
 n - 3 scrolls of magic mapping
 r - a scroll of poison {!r}
 s - a scroll of amnesia
 t - 3 scrolls of noise {!r}
 A - a scroll of silence {!r}
 H - 5 scrolls of blinking
 S - a scroll of enchant armour
Potions
 f - 10 potions of curing {@q1}
 j - a potion of heal wounds {@q2}
 l - 2 potions of flight {unknown}
 p - a potion of haste {@q3}
 B - 4 potions of brilliance
 C - 3 potions of might
 D - a potion of cancellation {unknown}
 E - 2 potions of attraction {unknown}
 F - 2 potions of ambrosia {unknown}
 I - 2 potions of mutation {unknown}
 K - 2 potions of invisibility
 R - a potion of lignification {unknown}

Dungeon Overview and Level Annotations

Branches:
Dungeon (15/15)            Temple (0/1) D:4            Lair (0/5) D:8
    Orc (0/2) D:12         Vaults (0/5) D:14        Gauntlet (visited)
 Depths: D:15

Shops:
D:5 *   D:8 *   D:10 ?

Annotations:
D:7 Amaemon
D:8 6 transporters, Notanamesir's ghost, novice MiHu

. P...........▒.▒
.(. ▒.........▒)▒
!...8▒▒.▒▒.....▒.▒
..8.....Z......▒.▒
.P....▒..Z.....▒.▒
P.... ▒▒▒.▒z...▒.▒
.Z.P ▒......▒.▒
P.. ▒▒▒▒▒▒▒▒.▒.▒
z. ▒.p.zZ...▒.▒ .
▒V▒▒▒▒▒▒▒▒.▒ ...
▒.▒ ▒.... ▒.▒
▒▒▒▒. ▒.▒ ▒. ▒.▒
▒. ▒.▒ ▒. ▒.▒
▒▒▒▒▒▒.▒


You could see a skeletal warrior, a vampire mage and a titan skeleton.


Message History

You shoot an arrow. The arrow hits the vampire mage!!
The vampire mage is heavily damaged.
The skeletal warrior hits you but does no damage.
The vampire mage gestures at you while chanting.
The bolt of negative energy misses you.
You shoot an arrow. The arrow hits the vampire mage!
The vampire mage is severely damaged.
The skeletal warrior hits you but does no damage.
The vampire mage draws life force from you!!
* * * LOW HITPOINT WARNING * * *
The vampire mage is healed by the life force!
You shoot an arrow.
The arrow hits the vampire mage but does no damage.
The vampire mage is heavily damaged.
The skeletal warrior hits you from afar with a +0 glaive.
* * * LOW HITPOINT WARNING * * *
The vampire mage hits you but does no damage.
The vampire mage bites you.
* * * LOW HITPOINT WARNING * * *
The vampire mage draws strength from your injuries!
You shoot an arrow.
The arrow hits the vampire mage but does no damage.
The vampire mage is heavily damaged.
The skeletal warrior completely misses you.
The vampire mage completely misses you. The vampire mage barely misses you.
The skeletal warrior hits you from afar with a +0 glaive!!
You die...

Action                     |  1- 3 |  4- 6 |  7- 9 | 10-12 | 13-15 || total
---------------------------+-------+-------+-------+-------+-------++-------
   Fire: Shortbow          |   110 |   168 |   415 |   210 |       ||   903
         Sling             |       |       |    19 |   746 |       ||   765
         Longbow           |       |       |       |    16 |    91 ||   107
    Use: Potion            |       |       |     4 |     3 |     2 ||     9
         Scroll            |       |       |    13 |    16 |       ||    29
 Armour: Leather armour    |    19 |    22 |    74 |    19 |       ||   134
         Acid dragon scale |       |       |       |   217 |    31 ||   248
  Dodge: Dodged            |    43 |    48 |   196 |   618 |   111 ||  1016

Levels and vault maps discovered:
D:1:      ncdulo_watergridlock, layout_loops_ring,
          dilly_ecumenical_altar_fadedgnrine, minmay_misc_feat_alley
D:2:      layout_basic, minmay_misc_feat_square, grunt_ministairs_7,
          uniq_jessica, uniq_sigmund
D:3:      layout_loops_ring, grunt_decor_cap
D:4:      minmay_clustersquares, layout_cave_pools,
          minmay_temple_entry_statues_pillars
D:5:      layout_basic, mainiacjoe_overflow_concentric_impassable,
          grunt_qazlal_sundering, nemelex_dance_club_becter,
          nrook_loot_triangle, minmay_shop_grid_forest, minmay_misc_feat_iff,
          uniq_pikel, uniq_edmund, uniq_menkaure
D:6:      layout_basic, minivault_10, grunt_tough_drop
D:7:      layout_rooms, fedhas_altar_4, uniq_prince_ribbit1, uniq_duvessa
D:8:      layout_basic, lair_entry_dummy, gammafunk_ghost_wrathful_warriors,
          minmay_shop_damaged, minmay_stone_trees_medium,
          hangedman_decor_growths, nicolae_transporter_intersection,
          uniq_joseph, uniq_amaemon, uniq_maurice
D:9:      wad_crossroads, layout_layer_cave, old_standard_altar
D:10:     kennysheep_ambush_hall, layout_cave_pools,
          nicolae_overflow_hidden_temple, mainiacjoe_overflow_six_doors_small,
          serial_gnoll_camp, gnoll_camp_mini_hut, gnoll_camp_mini_loothouse,
          gnoll_camp_mini_doghouse, gnoll_camp_mini_hut, serial_shops,
          nicolae_diamond_shop, uniq_sonja
D:11:     layout_loops_corners, serial_bayou_crossing
D:12:     layout_roguey, orc_0_dummy
D:13:     layout_roguey
D:14:     layout_stronghold, grunt_vaults_entry_tiered, gauntlet_entry_generic,
          uniq_snorg
D:15:     gammafunk_depths_entry_grave, layout_basic,
          nicolae_trove_entry_crossroad

Notes
Turn   | Place    | Note
-------+----------+-------------------------------------------
     0 | D:1      | sanka the Demigod Hunter began the quest for the Orb.
     0 | D:1      | Reached XP level 1. HP: 17/17 MP: 3/3
    70 | D:1      | Reached skill level 2 in Fighting
   226 | D:1      | Reached XP level 2. HP: 20/25 MP: 4/4
   767 | D:2      | Reached skill level 3 in Fighting
   774 | D:2      | Reached XP level 3. HP: 6/31 MP: 5/5
  1082 | D:2      | Reached skill level 4 in Ranged Weapons
  1167 | D:2      | Noticed Jessica
  1181 | D:2      | Killed Jessica
  1182 | D:2      | Reached XP level 4. HP: 38/38 MP: 6/6
  1306 | D:2      | Noticed Sigmund
  1371 | D:2      | Killed Sigmund
  1372 | D:2      | Reached skill level 4 in Fighting
  1372 | D:2      | Reached skill level 5 in Ranged Weapons
  1372 | D:2      | Reached XP level 5. HP: 37/46 MP: 7/7
  2260 | D:4      | Identified the +3 cloak "Defyso" {Harm Regen+ Str+3 Int-5}
  2300 | D:4      | Reached XP level 6. HP: 20/53 MP: 8/8
  2374 | D:4      | Reached skill level 6 in Ranged Weapons
  2585 | D:4      | Found a staircase to the Ecumenical Temple.
  2637 | D:4      | Reached XP level 7. HP: 51/60 MP: 9/9
  2689 | D:4      | Reached skill level 5 in Fighting
  2725 | D:4      | Reached skill level 7 in Ranged Weapons
  2748 | D:4      | Got Sif Muna's Thoughts on the Atmosphere and Injury
  2831 | D:5      | Entered Level 5 of the Dungeon
  2837 | D:5      | Noticed Edmund
  2857 | D:5      | HP: 1/61 [Edmund/+4 heavy flail (19)]
  2858 | D:5      | Killed Edmund
  2953 | D:5      | Noticed Menkaure
  2960 | D:5      | Killed Menkaure
  3068 | D:5      | Found Ton Inty's General Store.
  3075 | D:5      | Bought a potion of heal wounds for 50 gold pieces
  3075 | D:5      | Bought a potion of haste for 100 gold pieces
  3183 | D:5      | Learned a level 3 spell: Portal Projectile
  3210 | D:5      | Reached skill level 8 in Ranged Weapons
  3210 | D:5      | Reached XP level 8. HP: 31/70 MP: 10/10
  3292 | D:5      | Noticed Pikel
  3623 | D:5      | Killed Pikel
  3624 | D:5      | Reached skill level 6 in Fighting
  3624 | D:5      | Reached skill level 9 in Ranged Weapons
  3956 | D:5      | Found Ton Inty's General Store.
  4710 | D:6      | Reached skill level 7 in Fighting
  4710 | D:6      | HP: 7/71 [poisoned by a killer bee]
  4901 | D:6      | Reached XP level 9. HP: 79/79 MP: 11/11
  5418 | D:7      | Reached skill level 10 in Ranged Weapons
  5465 | D:7      | Reached skill level 2 in Dodging
  5533 | D:7      | Noticed Dowan
  5535 | D:7      | Noticed Duvessa
  5659 | D:7      | Killed Duvessa
  5662 | D:7      | Killed Dowan
  5663 | D:7      | Reached skill level 3 in Dodging
  5755 | D:5      | Bought a scroll of enchant armour for 75 gold pieces
  5761 | D:5      | Identified a scroll of acquirement
  5767 | D:5      | Acquired the +3 pair of seven-league boots {Rampage+∞}
  5767 | D:5      | Found the +3 pair of seven-league boots {Rampage+∞}
  5942 | D:7      | Noticed Prince Ribbit
  5952 | D:7      | Killed Prince Ribbit
  5953 | D:7      | Reached skill level 8 in Fighting
  5998 | D:7      | Reached skill level 4 in Dodging
  6156 | D:5      | Bought 2 potions of invisibility for 160 gold pieces
  6268 | D:7      | Identified the +1 great sword of the Moon {freeze, Contam
                  | rElec Will+ Str+6}
  6336 | D:8      | Reached skill level 5 in Dodging
  6517 | D:8      | Noticed Amaemon
  6586 | D:8      | Found a transporter.
  6586 | D:8      | Found a transporter.
  6601 | D:8      | Noticed a moth of wrath
  6603 | D:8      | Noticed Notanamesir's ghost (novice MiHu)
  6623 | D:8      | Noticed an orange demon
  6633 | D:8      | Noticed Maurice
  6788 | D:8      | Killed an orange demon
  6789 | D:8      | Reached skill level 6 in Dodging
  6822 | D:8      | Found a transporter.
  6841 | D:8      | Found Qegemono's Lightly-Used Armoury.
  6885 | D:8      | Found a transporter.
  6937 | D:8      | Noticed Joseph
  6952 | D:8      | Killed Joseph
  7042 | D:8      | Found a staircase to the Lair.
  7150 | D:8      | Killed Maurice
  7151 | D:8      | Reached skill level 7 in Dodging
  7151 | D:8      | Reached XP level 10. HP: 72/88 MP: 13/13
  7203 | D:8      | Reached skill level 8 in Dodging
  7217 | D:8      | Found a transporter.
  7247 | D:8      | Found a transporter.
  7390 | D:8      | Reached skill level 11 in Ranged Weapons
  7556 | D:9      | Identified the +1 robe of Kierosihad {*Slow Fly Regen+
                  | Str+4}
  7720 | D:9      | Noticed a two-headed ogre
  7726 | D:9      | Killed a two-headed ogre
  8055 | D:9      | Identified +0 acid dragon scales
  8070 | D:10     | Entered Level 10 of the Dungeon
  8189 | D:10     | Reached skill level 12 in Ranged Weapons
  8189 | D:10     | Reached skill level 1 in Armour
  8191 | D:10     | Noticed Sonja
  8198 | D:10     | Killed Sonja
  8199 | D:10     | Reached skill level 2 in Armour
  8268 | D:10     | Reached XP level 11. HP: 94/94 MP: 14/14
  8301 | D:10     | Reached skill level 3 in Armour
  8321 | D:10     | HP: 9/94 [yak (11)]
  8436 | D:10     | Identified +0 acid dragon scales
  8681 | D:10     | Found Ypsota's Magic Scroll Shop.
  8743 | D:10     | Reached skill level 4 in Armour
  9384 | D:11     | Reached skill level 5 in Armour
  9387 | D:11     | Reached skill level 13 in Ranged Weapons
  9846 | D:12     | Noticed a boulder beetle
  9907 | D:11     | Killed a boulder beetle
 10019 | D:11     | Reached skill level 14 in Ranged Weapons
 10169 | D:12     | Noticed a centaur warrior
 10180 | D:12     | Killed a centaur warrior
 10201 | D:12     | Noticed a tengu warrior
 10221 | D:12     | Killed a tengu warrior
 10304 | D:12     | Noticed a two-headed ogre
 10312 | D:12     | Killed a two-headed ogre
 10422 | D:12     | Found a staircase to the Orcish Mines.
 10437 | D:12     | Got the Treatise on Charmed Calling
 10543 | D:12     | Reached XP level 12. HP: 101/101 MP: 15/15
 10898 | D:12     | Reached skill level 15 in Ranged Weapons
 11019 | D:13     | Identified the ring "Zibargh" {rElec rC+ rN+ Stlth+}
 11180 | D:13     | Noticed a centaur warrior
 11184 | D:13     | Noticed a boulder beetle
 11189 | D:13     | Killed a centaur warrior
 11214 | D:13     | Killed a boulder beetle
 11570 | D:14     | Found a gate leading to a gauntlet.
 11583 | Gauntlet | Entered a Gauntlet
 11583 | Gauntlet | Found a transporter.
 11583 | Gauntlet | Found a transporter.
 11583 | Gauntlet | Found a transporter.
 11603 | Gauntlet | Found a transporter.
 11613 | Gauntlet | Found a transporter.
 11617 | Gauntlet | Found a transporter.
 11627 | Gauntlet | Found a transporter.
 11627 | Gauntlet | Found the +3 robe of Clouds {*Thunder rCloud rElec}
 11656 | Gauntlet | Found a transporter.
 11671 | Gauntlet | Found a transporter.
 11671 | Gauntlet | Found a transporter.
 11718 | Gauntlet | Found a transporter.
 11814 | Gauntlet | Reached skill level 16 in Ranged Weapons
 11990 | Gauntlet | Found a transporter.
 12059 | Gauntlet | Identified the ring "Qywemit" {rF+ rN+}
 12085 | Gauntlet | Noticed a minotaur
 12127 | Gauntlet | Killed a minotaur
 12200 | Gauntlet | Identified the +1 chain mail of Omission {Int+4}
 12267 | D:14     | Noticed a four-headed hydra
 12280 | D:14     | Killed a four-headed hydra
 12478 | D:14     | Noticed a centaur warrior
 12498 | D:14     | Killed a centaur warrior
 12576 | D:14     | Noticed Snorg
 12582 | D:14     | Killed Snorg
 12583 | D:14     | Reached skill level 17 in Ranged Weapons
 12769 | D:14     | Noticed a centaur warrior
 12776 | D:14     | Killed a centaur warrior
 13085 | D:14     | Noticed a boulder beetle
 13099 | D:14     | Killed a boulder beetle
 13108 | D:14     | Reached XP level 13. HP: 85/107 MP: 13/16
 13396 | D:14     | Found a gate to the Vaults.
 13678 | D:15     | Entered Level 15 of the Dungeon
 13756 | D:15     | Reached skill level 18 in Ranged Weapons
 13768 | D:15     | Slain by a skeletal warrior

Vanquished Creatures
  A minotaur (Gauntlet)
  Snorg (D:14)
  A hydra (D:14)
  A vault guard (D:13)
  3 boulder beetles
  2 two-headed ogres
  4 centaur warriors
  2 tengu warriors
  A soul eater (Gauntlet)
  A deep elf knight (D:14)
  Sonja (D:10)
  A skeletal warrior (D:15)
  A wizard (D:14)
  Pikel (D:5)
  2 necromancers (D:14)
  3 deep elf pyromancers
  An ugly thing (D:12)
  A manticore (D:11)
  3 cyclopes
  Joseph (D:8)
  Maurice (D:8)
  An orange demon (D:8)
  A gargoyle (D:12)
  3 unseen horrors
  A kobold demonologist (D:9)
  A freezing wraith (D:14)
  2 tengu conjurers
  3 trolls
  A hornet (D:9)
  A tyrant leech (Gauntlet)
  A meliai (shapeshifter) (D:14)
  Prince Ribbit (D:7)
  8 slime creatures
  A shadow (D:11)
  Sigmund (D:2)
  A wraith (D:13)
  19 humans
  2 wyverns
  31 yaks
  A steam dragon (D:8)
  6 vampire mosquitoes
  Menkaure (D:5)
  Edmund (D:5)
  4 swamp worms (Gauntlet)
  3 acid dragons (D:10)
  A water moccasin (D:7)
  Duvessa (D:7)
  An ice beast (D:4)
  6 orc warriors
  2 black bears
  2 ogres
  11 centaurs
  A phantom (D:4)
  4 bullfrogs
  3 gnoll sergeants
  4 necrophages
  5 scorpions
  Dowan (D:7)
  8 killer bees
  10 howler monkeys
  A tengu skeleton (D:15)
  2 hounds
  3 gnoll boudas
  3 jellies
  2 orc priests
  Jessica (D:2)
  3 iguanas
  13 orc wizards
  A boggart simulacrum (D:14)
  9 adders
  19 gnolls
  4 shadow imps
  5 white imps
  5 ufetubi
  2 worms (D:2)
  3 dart slugs
  26 orcs
  5 bats
  7 endoplasms
  5 giant cockroaches
  4 goblins
  9 hobgoblins
  4 jackals (D:10)
  6 kobolds
  4 quokkas
  11 ball pythons
  A frilled lizard (D:3)
  8 rats
354 creatures vanquished.

Vanquished Creatures (others)
  2 fungi (Gauntlet)
  2 plants (Gauntlet)
4 creatures vanquished.

Grand Total: 358 creatures vanquished
